 Dungeon Crawl Stone Soup version 0.29-a0-459-g97dee8cd24 (webtiles) character file.

Game seed: 11181449269713492273

2367 xian the Destroyer (level 9, -1/68 HPs)
             Began as a Pale Draconian Conjurer on May 21, 2022.
             Was an Initiate of Gozag.
             Killed from afar by a raiju (15 damage)
             ... with a living lightning
             ... on level 2 of the Abyss.
             The game lasted 00:29:22 (8442 turns).

xian the Destroyer (Pale Draconian Conjurer)        Turns: 8442, Time: 00:29:23

Health: -1/68      AC: 11    Str: 15    XL:     9   Next: 21%
Magic:  15/18      EV: 13    Int: 27    God:    Gozag
Gold:   113        SH:  0    Dex: 10    Spells: 13/20 levels left

rFire   . . .      SeeInvis +   y - +5 dagger of Antique Conscience {vorpal, Fly Int+4 SInv}
rCold   . . .      Faith    .   (no shield)
rNeg    . . .      Spirit   .   (body armour unavailable)
rPois   +          Reflect  .   (helmet restricted)
rElec   .          Harm     .   e - +2 cloak {rPois}
rCorr   .          Rampage  .   (no gloves)
Will    .....                   A - +0 pair of boots
Stlth   ++........              f - amulet of the acrobat
HPRegen 0.21/turn               B - +6 ring of strength
MPRegen 0.16/turn               (no ring)

@: about to teleport, short of breath, flying
A: breathe steam, AC +7, unfitting armour, cold-blooded, steam resistance
a: Breathe Steam, Renounce Religion, Potion Petition, Call Merchant, Bribe
Branch


You were on level 2 of the Abyss.
You worshipped Gozag.
Gozag was aware of your devotion.
You visited 2 branches of the dungeon, and saw 8 of its levels.
You visited the Abyss 1 time.

You collected 480 gold pieces.
You spent 259 gold pieces at shops.
You paid 108 gold pieces to Gozag.

Inventory:

Hand Weapons
 y - the +5 dagger of Antique Conscience (weapon) {vorpal, Fly Int+4 SInv}
   (You found it on level 7 of the Dungeon)

   It inflicts extra damage upon your enemies.
   Int:       It affects your intelligence (+4).
   SInv:      It lets you see invisible.
   Fly:       It grants you flight.
Missiles
 u - 2 atropa-tipped darts
Armour
 e - a +2 cloak of poison resistance (worn)
 A - a +0 pair of boots (worn)
Magical Staves
 j - a staff of fire
 C - a staff of poison
Jewellery
 f - an amulet of the acrobat (around neck)
 B - a +6 ring of strength (left hand)
Wands
 m - a wand of charming (12)
 s - a wand of flame (9)
Scrolls
 b - 12 scrolls of identify {unknown}
 d - a scroll of enchant armour {unknown}
 g - a scroll of summoning {unknown}
 i - a scroll of fog {unknown}
 l - a scroll of silence {unknown}
 n - 3 scrolls of enchant weapon {unknown}
 o - a scroll of acquirement {unknown}
 q - 2 scrolls of noise {unknown}
 r - a scroll of blinking {unknown}
 t - a scroll of amnesia {unknown}
 v - a scroll of magic mapping {unknown}
 w - 2 scrolls of teleportation
 z - a scroll of vulnerability {unknown}
Potions
 a - a potion of magic
 c - a potion of ambrosia {unknown}
 h - 4 potions of flight {unknown}
 k - 2 potions of lignification
 p - 2 potions of curing
 x - 2 potions of brilliance {unknown}


   Skills:
 + Level 2.3 Fighting
 + Level 0.3 Long Blades
 + Level 2.7(2.9) Axes
 + Level 1.3(2.2) Maces & Flails
 + Level 0.3(1.0) Staves
 + Level 4.1 Dodging
 + Level 4.5 Stealth
 + Level 6.1 Spellcasting
 + Level 8.6 Conjurations


You had 13 spell levels left.
You knew the following spells:

 Your Spells              Type           Power      Damage    Failure   Level
a - Magic Dart            Conj           100%       1d8       1%          1
b - Searing Ray           Conj           100%       2d8       1%          2
c - Iskenderun's Mystic   Conj/Tloc      31%        2d8       11%         4

Your spell library contained the following spells:

 Spells                   Type           Power      Damage    Failure   Level
 Dazzling Flash           Conj/Hex       62%        N/A       3%          3
 Beastly Appendage        Tmut           16%        N/A       6%          1
 Wereblood                Tmut           8%         N/A       10%         2
 Fulminant Prism          Conj/Hex       15%        3d11      11%         4
 Spider Form              Tmut/Pois      8%         N/A       19%         3


Dungeon Overview and Level Annotations

Branches:
Dungeon (7/15)             Temple (1/1) D:5

Altars:
Ashenzari
Cheibriados
Elyvilon
Gozag
Hepliaklqana
Makhleb
Nemelex Xobeh
Okawaru
Qazlal
Ru
Trog
Uskayaw
Vehumet
Wu Jian
Xom
Yredelemnul
Zin
The Shining One
Lugonu

Shops:
D:4 [

Annotations:
D:4 2 bosses
D:5 High level caster
D:6 exclusion: statue


Innate Abilities, Weirdness & Mutations

You can breathe blasts of scalding, opaque steam.
Your pale cyan-grey scales are hard. (AC +7)
You cannot fit into any form of body armour.
You are cold-blooded and may be slowed by cold attacks.
You are immune to the effects of steam.


Message History

The raiju attacks as you move away! The raiju completely misses you.
The raiju bursts into living lightning!
The living lightning hits you!
The raiju blinks! x2
The raiju attacks as you move away!
The raiju completely misses you. 2 raiju come into view.
A raiju comes into view.
Found a gateway leading deeper into the Abyss.
The raiju barks! x4
The raiju bursts into living lightning!
The living lightning hits the raiju.
The raiju completely resists.
The living lightning hits you!!
The raiju blinks!
The raiju bursts into living lightning!
The living lightning misses you.
The raiju blinks!
Aiming: Breathe Steam (1% risk of failure)
Press: ? - help, Shift-Dir - straight line, f - raiju
Aim: a raiju (57% to hit)
Okay, then.
As you read the scroll labelled QYUXAO ADOJYO, it crumbles to dust.
You feel strangely unstable.
You feel the power of the Abyss delaying your translocation!
It was a scroll of teleportation.
The raiju bursts into living lightning!
The living lightning misses you.
The living lightning misses the raiju.
The raiju blinks!
The raiju bites you. The raiju shocks you!
The raiju bursts into living lightning!
The living lightning hits you!
* * * LOW HITPOINT WARNING * * *
The living lightning hits the raiju.
The raiju completely resists.
The living lightning misses the raiju.
The raiju blinks!
Okay, then.
Aiming: Breathe Steam (1% risk of failure)
Press: ? - help, Shift-Dir - straight line, f - raiju
Aim: a raiju (57% to hit)
You exhale a blast of scalding steam.
The ball of steam hits the raiju.
The raiju is lightly wounded.
The raiju is engulfed in a cloud of scalding steam.
The raiju bursts into living lightning!
The living lightning hits you!
You die...
Your body crumbles into a pile of gold.

..#.#.##...
..#...#.#.###.
#....#.#....
##..#...#..#####.
.................
#..............
#....§...h.h..
#...§§@h§h.h§.
#...###h.....>
##...# .#.h##.
#....# ## #...
##...# ## #...
...... ..#
.###..#### . ..


You could see 5 raiju.

Vanquished Creatures
  Prince Ribbit (D:6)
  The ghost of xian the Conjurer, a novice FeCj (D:6)
  A wyvern (D:7)
  Menkaure (D:5)
  Duvessa (D:4)
  A black bear (D:6)
  2 ice beasts (D:6)
  An ogre (D:6)
  A necrophage (D:5)
  2 scorpions
  8 wights
  Dowan (D:4)
  3 orc priests
  2 jellies
  5 hounds
  3 orc wizards
  5 gnolls
  7 adders
  A white imp (D:5)
  An ufetubus (D:5)
  A worm (D:2)
  A dart slug (D:2)
  17 orcs
  11 ball pythons
  7 endoplasms
  3 giant cockroaches
  11 goblins
  8 hobgoblins
  3 jackals (D:2)
  4 kobolds
  2 quokkas
  5 bats
  3 frilled lizards
  4 rats
128 creatures vanquished.

Notes
Turn   | Place    | Note
-------+----------+-------------------------------------------
     0 | D:1      | xian the Draconian Conjurer began the quest for the Orb.
     0 | D:1      | Reached XP level 1. HP: 14/14 MP: 3/3
   401 | D:1      | Reached XP level 2. HP: 20/20 MP: 1/5
   404 | D:1      | Learned a level 2 spell: Searing Ray
   448 | D:1      | Found a faded altar of an unknown god.
  1174 | D:2      | Reached XP level 3. HP: 26/26 MP: 1/6
  1973 | D:3      | Reached skill level 5 in Conjurations
  2080 | D:3      | Reached XP level 4. HP: 33/33 MP: 5/7
  2108 | D:3      | Learned a level 4 spell: Iskenderun's Mystic Blast
  2232 | D:3      | Found an iron altar of Okawaru.
  2342 | D:3      | Found a stormy altar of Qazlal.
  2426 | D:3      | Reached XP level 5. HP: 38/38 MP: 0/8
  2864 | D:3      | Found a bloodstained altar of Trog.
  3736 | D:4      | Noticed Duvessa
  3739 | D:4      | Noticed Dowan
  3761 | D:5      | Entered Level 5 of the Dungeon
  3763 | D:5      | Found a hazy altar of Hepliaklqana.
  3862 | D:5      | Reached XP level 6. HP: 46/46 MP: 2/10
  3963 | D:5      | Reached skill level 6 in Conjurations
  4024 | D:5      | Found a staircase to the Ecumenical Temple.
  4043 | Temple   | Entered the Ecumenical Temple
  4186 | Temple   | Became a worshipper of Nemelex Xobeh the Trickster
  4240 | D:5      | Found a sacrificial altar of Ru.
  4840 | D:5      | Noticed Menkaure
  5207 | D:6      | Your scales start taking on a pale cyan-grey colour.
  5207 | D:6      | Reached XP level 7. HP: 51/51 MP: 3/13
  5207 | D:6      | Gained mutation: You are immune to the effects of steam.
                  | [Pale Draconian growth]
  5243 | D:4      | Found an opulent altar of Gozag.
  5779 | D:6      | Reached skill level 7 in Conjurations
  5780 | D:6      | Reached skill level 1 in Fighting
  5943 | D:6      | Found a radiant altar of Vehumet.
  5992 | D:6      | Reached XP level 8. HP: 59/59 MP: 9/15
  6333 | D:6      | Found a large runed translucent door.
  6333 | D:6      | Found a large runed translucent door.
  6335 | D:6      | Noticed xian's ghost (novice FeCj)
  6344 | D:6      | Killed xian's ghost
  6345 | D:6      | Reached skill level 1 in Axes
  6345 | D:6      | Reached skill level 1 in Maces & Flails
  6345 | D:6      | Reached skill level 5 in Spellcasting
  6379 | D:6      | Noticed Prince Ribbit
  6389 | D:6      | Killed Prince Ribbit
  6796 | D:5      | Killed Menkaure
  6797 | D:5      | Reached skill level 8 in Conjurations
  7038 | D:4      | Fell from the grace of Nemelex Xobeh
  7038 | D:4      | Became a worshipper of Gozag Ym Sagoz the Greedy
  7110 | D:4      | Killed Dowan
  7118 | D:4      | Killed Duvessa
  7126 | D:4      | HP: 4/91 [poisoned by Duvessa]
  7429 | D:4      | Found a burning altar of Makhleb.
  7446 | D:4      | Found Ebbusuc's Armour Emporium.
  7460 | D:4      | Bought a +2 cloak of poison resistance for 259 gold pieces
  7650 | D:4      | Found a glowing silver altar of Zin.
  7651 | D:4      | Found a glowing golden altar of the Shining One.
  7651 | D:4      | Found a white marble altar of Elyvilon.
  7963 | D:6      | Reached XP level 9. HP: 16/65 MP: 14/18
  8296 | D:7      | Identified the +5 dagger of Antique Conscience {vorpal, Fly
                  | Int+4 SInv}
  8430 | D:7      | Noticed a thrashing horror
  8430 | D:7      | Noticed a thrashing horror
  8430 | D:7      | Cast into level 2 of the Abyss (Lugonu's touch)
  8442 | Abyss:2  | Killed from afar by a raiju

Illustrated notes

Levels and vault maps discovered:
D:1:      dpeg_arrival_more_subterranean_lakeside_camping, layout_basic,
          chequers_ecumenical_altar_simple
D:2:      layout_basic
D:3:      minmay_bubble_buster, layout_basic, okawaru_gym_becter,
          grunt_qazlal_clouds, nicolae_overflow_hidden_temple
D:4:      layout_rooms, dreamdust_divine_triumvirate, lemuel_round_altar,
          nicolae_gozag_cash_rules_everything_around_me, serial_shops,
          nicolae_shop_advertising_works [nicolae_subvault_shop_adworks],
          uniq_duvessa
D:5:      layout_basic, mainiacjoe_overflow_catwalk,
          mainiacjoe_overflow_boulevard, minmay_temple_entry_glassed_door,
          kennysheep_donut, minivault_14, uniq_menkaure
D:6:      layout_loops_cross, vehumet_statue, ebering_ghost_disaster_area,
          uniq_prince_ribbit1
D:7:      layout_basic, mrwooster_statue_mirror, uniq_crazy_yiuf_cottage
Temple:   corrupted_temple
Abyss:2:  base:
D:5

Skill      XL: |  1  2  3  4  5  6  7  8  9 |
---------------+----------------------------+-----
Dodging        | 2 3 4 |  4.1
Stealth        | 2 3 4 |  4.5
Conjurations   | 5 6 7 8 |  8.6
Spellcasting   | 3 4 6 |  6.1
Fighting       | 1 2 |  2.3
Axes           | 2 |  2.7
Maces & Flails | 1 |  1.3
Long Blades    | |  0.3
Staves         | |  0.3

Action                   |  1- 3 |  4- 6 |  7- 9 || total
-------------------------+-------+-------+-------++-------
Melee: Whip              |     8 |     3 |       ||    11
       Tailslap          |     2 |       |     1 ||     3
       Staff             |     8 |       |       ||     8
       Punch             |     1 |       |       ||     1
       Battleaxe         |       |       |     9 ||     9
       Long sword        |       |       |     3 ||     3
       Dagger            |       |       |     1 ||     1
 Cast: Magic Dart        |    69 |   104 |    47 ||   220
       Searing Ray       |       |     8 |    20 ||    28
       Iskenderun's Myst |       |       |     1 ||     1
 Abil: Breathe Steam     |       |       |    13 ||    13
  Use: Potion            |       |       |     4 ||     4
       Scroll            |       |       |     1 ||     1
 Stab: Sleeping          |       |       |     2 ||     2
Armor: Skin              |     5 |    10 |    18 ||    33
Dodge: Dodged            |    23 |    27 |    59 ||   109

Table legend: (Time is in decaauts)
 A = Elapsed time spent in this place.
 B = Non-inter-level travel time spent in this place.
 C = Inter-level travel time spent in this place.
 D = Time resting spent in this place.
 E = Time spent auto-exploring this place.
 F = Levels seen in this place.
 G = Mean time per level.
                   A        B        C        D        E       F      G
               +--------+--------+--------+--------+--------+-----+--------+
         Total |   8457 |   8172 |    285 |   1139 |   5193 |   9 |  939.7 |
       Dungeon |   8284 |   8015 |    269 |   1139 |   5175 |   7 | 1183.4 |
        Temple |    160 |    144 |     16 |      0 |     18 |   1 |  160.0 |
         Abyss |     11 |     11 |      0 |      0 |      0 |   1 |   11.0 |
               +--------+--------+--------+--------+--------+-----+--------+

Top non-repeatable levels by time:
     D:6: 1963 daAuts
     D:3: 1524 daAuts
     D:5: 1402 daAuts
     D:4: 1175 daAuts
     D:2: 1026 daAuts
     D:1: 944 daAuts
     D:7: 248 daAuts
  Temple: 160 daAuts
 Abyss:2: 11 daAuts
